Match 39298910
Unlisted

Match 39298910
End
Vickers Machine Gun Team
Construct Section Command Post
Selects Australian Defense Battlegroup
Selects Australian Light Infantry Section
Infantry Section
Australian Light Infantry Section
Construct Platoon Command Post
Selects Defensive Tactics
Construct Field Infirmary
CMP 15cwt Truck
Forward Retreat Point
Unlock Bishop Self-propelled Artillery
Bishop Self-propelled Artillery
Selects Hold the Line!
Selects CMP 15cwt Supply Run
Construct Company Command Post
Australian Light Infantry Section
Unlock M3 Grant Medium Tanks
Forward Retreat Point
Selects Artillery Trip Wire Flares
arbif99
JMxpz
x gon give it to ya
Mael Radec
TankerBoss
Fapinkton
Skittles13
CorpoBear
0
0

Comments sign in to comment!

No comments posted yet!